 Dungeon Crawl Stone Soup version bcrawl-1.19.2-6-g6a88ae04c9 (webtiles) character file.

Game seed: 14447973629326271737

635 Mrkan the Chopper (level 7, -1/61 HPs)
             Began as a Minotaur Fighter on Dec 24, 2019.
             Was an Initiate of Makhleb.
             Killed by divine providence
             ... invoked by an orc priest
              (17 damage)
             ... on level 4 of the Dungeon.
             The game lasted 00:05:56 (3502 turns).

Mrkan the Chopper (Minotaur Fighter)                Turns: 3502, Time: 00:05:57

Health: -1/61      AC: 11    Str: 21    XL:     7   Next: 25%
Magic:  6/6        EV:  7    Int:  5    God:    Makhleb [......]
Gold:   189        SH: 10    Dex: 11    Spells: 6/6 levels left

rFire    . . .     SeeInvis .   a - +0 war axe
rCold    . . .     Gourm    .   c - +0 shield
rNeg     . . .     Faith    .   w - +0 chain mail
rPois    .         Spirit   .   (helmet restricted)
rElec    .         Reflect  .   (no cloak)
rCorr    .         Harm     .   (no gloves)
MR       .....                  p - +0 pair of boots
Stlth    ..........             (no amulet)
HPRegen  0.20/turn              (no ring)
MPRegen  0.10/turn              (no ring)

@: no status effects
A: retaliatory headbutt, horns 2
a: Renounce Religion


You were on level 4 of the Dungeon.
You worshipped Makhleb.
Makhleb was noncommittal.
You were not hungry.

You visited 2 branches of the dungeon, and saw 5 of its levels.

You collected 189 gold pieces.

Inventory:

Hand Weapons
 a - a +0 war axe (weapon)
Armour
 c - a +0 shield (worn)
 p - a +0 pair of boots (worn)
 w - a +0 chain mail (worn)
Jewellery
 l - an uncursed amulet of faith {unknown}
 r - an uncursed ring of ice {unknown}
Scrolls
 e - 3 scrolls of teleportation {unknown}
 h - a scroll of noise {unknown}
 i - a scroll of magic mapping {unknown}
 k - a scroll of immolation {unknown}
 m - 2 scrolls of identify {unknown}
 o - 2 scrolls of remove curse {unknown}
 s - a scroll of fog {unknown}
 u - a scroll of blinking {unknown}
Potions
 d - a potion of might
 g - a potion of heal wounds {unknown}
 j - a potion of agility {unknown}
 n - a potion of lignification {unknown}
 q - a potion of magic {unknown}
 t - a potion of haste {unknown}
Comestibles
 f - 9 rations {!d}
 v - 3 chunks of flesh


   Skills:
 + Level 5.2 Fighting
 * Level 5.8 Axes
 + Level 5.2 Armour
 - Level 2.7 Dodging
 + Level 5.3 Shields
 + Level 1.2 Invocations


You had 6 spell levels left.
You didn't know any spells.
Your spell library contained the following spells:

 Spells                   Type           Power        Failure   Level  Hunger
 Corona                   Hex            #......      100%        1    ##.....
 Ensorcelled Hibernation  Hex/Ice        #.....       100%        2    ###....
 Confuse                  Hex            #.......     100%        3    ####...
 Dazzling Spray           Conj/Hex       #.....       100%        3    ####...
 Tukima's Dance           Hex            #.......     100%        3    ####...


Dungeon Overview and Level Annotations

Branches:
Dungeon (4/12)             Temple (1/1) D:4

Altars:
Ashenzari
Cheibriados
Dithmenos
Elyvilon
Fedhas
Gozag
Hepliaklqana
Kikubaaqudgha
Lugonu
Makhleb
Nemelex Xobeh
Okawaru
Qazlal
Ru
Sif Muna
Trog
Vehumet
Wu Jian
Xom
Yredelemnul
Zin
The Shining One

Annotations:
D:3 2 runed translucent doors, Tutankhamun's ghost, amateur HOAc


Innate Abilities, Weirdness & Mutations

You reflexively headbutt those who attack you in melee.
You have a pair of horns on your head.


Message History

You closely miss the orc wizard.
The orc wizard hits you but does no damage. x2
You block the orc wizard's attack.
You hit the orc wizard.
The orc wizard is moderately wounded.
Your shield and chain mail prevent you from hitting the orc wizard.
The orc wizard hits you but does no damage.
You block the orc wizard's attack.
The orc priest invokes the aid of Beogh against you.
Beogh smites you!
You slash the orc wizard!
The orc wizard is almost dead.
You completely miss the orc wizard.
The orc wizard hits you but does no damage.
The orc wizard points at you and mumbles some strange words.
The magic dart hits you!
* * * LOW HITPOINT WARNING * * *
The orc priest calls down the wrath of Beogh upon you.
Beogh smites you!
You die...

#.........#
#...
#.........#
###. ...
#... #.#
#... #.#
#... #o.
#... #o#
#... #o#
#...
#@####+###
#...
#.o......#
####
#........#
##.......#
#.......#
#.......#
#.......#
#.......#
#.......#


You could see 2 orc priests and 2 orc wizards.

Vanquished Creatures
  An ice beast (D:4)
  A phantom (D:4)
  A crimson imp (D:4)
  A hound (D:3)
  An orc priest (D:3)
  3 worker ants
  2 orc wizards
  12 adders
  A shadow imp (D:3)
  3 oozes
  An adder zombie (D:4)
  2 worms (D:2)
  2 dart slugs
  2 leopard geckos
  12 orcs
  2 bats (D:1)
  4 giant cockroaches
  10 hobgoblins
  7 jackals
  9 kobolds
  2 quokkas (D:3)
  3 ball pythons
  3 frilled lizards
  7 goblins
  7 rats
99 creatures vanquished.

Notes
Turn   | Place    | Note
-------+----------+-------------------------------------------
     0 | D:1      | Mrkan the Minotaur Fighter began the quest for the Orb.
     0 | D:1      | Reached XP level 1. HP: 19/19 MP: 0/0
   108 | D:1      | Reached XP level 2. HP: 15/27 MP: 1/1
   483 | D:1      | Reached skill level 1 in Dodging
  1072 | D:2      | Reached XP level 3. HP: 32/33 MP: 2/2
  1226 | D:2      | Reached XP level 4. HP: 40/40 MP: 3/3
  1812 | D:3      | Reached XP level 5. HP: 35/47 MP: 4/4
  2212 | D:3      | Reached XP level 6. HP: 51/53 MP: 5/5
  2391 | D:3      | Reached skill level 5 in Axes
  2518 | D:3      | Found a runed translucent door.
  2519 | D:3      | Noticed Tutankhamun's ghost (amateur HOAc)
  2540 | D:3      | Found a runed translucent door.
  2811 | D:4      | Reached skill level 5 in Shields
  2824 | D:4      | Found a staircase to the Ecumenical Temple.
  2832 | D:4      | Reached skill level 5 in Armour
  2879 | Temple   | Entered the Ecumenical Temple
  3028 | Temple   | Became a worshipper of Makhleb the Destroyer
  3095 | D:4      | Reached skill level 5 in Fighting
  3302 | D:4      | Noticed an ice beast
  3311 | D:4      | Killed an ice beast
  3311 | D:4      | Reached skill level 1 in Invocations
  3311 | D:4      | Reached XP level 7. HP: 48/61 MP: 6/6
  3317 | D:4      | Found a shadowy altar of Dithmenos.
  3502 | D:4      | Killed from afar by an orc priest

Skill      XL: |  1  2  3  4  5  6 |
---------------+-------------------+-----
Axes           | 3 4 5 |  5.8
Dodging        | 1 2 |  2.7
Shields        | 4 5 |  5.3
Armour         | 4 5 |  5.2
Fighting       | 4 5 |  5.2
Invocations    | 1 |  1.2

Action                   |  1- 3 |  4- 6 |  7- 9 || total
-------------------------+-------+-------+-------++-------
Melee: War axe           |    83 |   181 |    20 ||   284
       Headbutt          |    14 |    28 |     5 ||    47
  Eat: Chunk             |     1 |     6 |     2 ||     9
Armor: Scale mail        |    35 |    80 |     8 ||   123
       Chain mail        |       |       |     8 ||     8
Dodge: Dodged            |    31 |    67 |     6 ||   104
Block: Shield            |    57 |    95 |    10 ||   162
